 Dungeon Crawl Stone Soup version 0.27-a0-1555-g0e7b3fb1d2 (webtiles) character file.

Game seed: 8361348394070805683

88 PentaManta the Insei (level 4, -1/26 (28) HPs)
             Began as an Octopode Transmuter on July 15, 2021.
             Slain by a jackal (3 damage)
             ... on level 2 of the Dungeon.
             The game lasted 00:03:23 (2131 turns).

PentaManta the Insei (Octopode Transmuter)          Turns: 2131, Time: 00:03:24

HP:   -1/26 (28)    AC:  1    Str:  9    XL:     4   Next: 53%
MP:   16/16         EV: 12    Int: 15    God:
Gold: 93            SH:  3    Dex: 13    Spells: 1/7 levels left

rFire    . . .     SeeInvis .     - Unarmed
rCold    . . .     Faith    .   k - +0 buckler
rNeg     . . .     Spirit   .   (helmet restricted)
rPois    .         Reflect  .   (no amulet)
rElec    .         Harm     .   i - ring of magical power
rCorr    .         Rampage  .   (no ring)
Will     .....                  (no ring)
Stlth    ++........             (no ring)
HPRegen  0.08/turn              (no ring)
MPRegen  0.15/turn              (no ring)
                                (no ring)
                                (no ring)

@: drained
A: almost no armour, amphibious, 8 rings, camouflage 1, gelatinous body 1,
(nimble swimmer 1), tentacles
a: no special abilities


You were on level 2 of the Dungeon.
You visited 1 branch of the dungeon, and saw 3 of its levels.

You collected 93 gold pieces.

Inventory:

Hand Weapons
 c - a +0 hunting sling
Missiles
 g - 5 boomerangs of dispersal
Armour
 k - a +0 buckler (worn)
Jewellery
 i - a ring of magical power (left tentacle)
Scrolls
 a - 3 scrolls of teleportation {unknown}
 d - a scroll of noise {unknown}
 e - 3 scrolls of identify {unknown}
 h - a scroll of brand weapon {unknown}
 j - a scroll of vulnerability {unknown}
Potions
 b - a potion of haste {unknown}
 f - a potion of might {unknown}


   Skills:
 - Level 1.0 Fighting
 - Level 2.0 Dodging
 + Level 0.2 Shields
 - Level 5.1 Unarmed Combat
 * Level 2.0 Spellcasting
 * Level 2.0 Transmutations
 * Level 0.2 Poison Magic


You had one spell level left.
You knew the following spells:

 Your Spells              Type           Power      Damage    Failure   Level
a - Beastly Appendage     Tmut           14%        N/A       16%         1
b - Spider Form           Tmut/Pois      2%         N/A       56%         3
c - Wereblood             Tmut           7%         N/A       24%         2

Your spell library contained the following spells:

 Spells                   Type           Power      Damage    Failure   Level
 Frozen Ramparts          Ice            2%         1d2       71%         3
 Gell's Gravitas          Tloc           0%         N/A       71%         3
 Lesser Beckoning         Tloc           0%         N/A       71%         3
 Teleport Other           Tloc           1%         N/A       71%         3
 Ice Form                 Ice/Tmut       4%         N/A       93%         4
 Summon Ice Beast         Ice/Summ       1%         N/A       98%         4


Dungeon Overview and Level Annotations

Branches:
Dungeon (3/15)

Altars:


Innate Abilities, Weirdness & Mutations

You cannot wear most types of armour.
You are amphibious.
You can wear up to eight rings at the same time.
Your skin changes colour to match your surroundings (Stealth+).
Your rubbery body absorbs attacks. (AC +1, EV +1)
((You are camouflaged near water. (Stealth+)))
You have tentacles for arms and can constrict up to eight enemies at once.


Message History

You tentacle-slap the dart slug. You grab the dart slug.
The dart slug is heavily wounded.
You constrict the dart slug. The dart slug launches a dart at you.
The slug dart hits you. The jackal bites you. The jackal barely misses you.
You tentacle-slap the dart slug.
You pierce the dart slug.
You kill the dart slug!
The jackal bites you. The jackal closely misses you.
You tentacle-slap the jackal. Your grab misses the jackal.
The jackal is almost dead.
The jackal closely misses you. The jackal barely misses you.
The jackal closely misses you.
You tentacle-slap the jackal.
You kill the jackal!
You block the jackal's attack. The jackal bites you. The jackal misses you.
You tentacle-slap the jackal but do no damage.
Your grab misses the jackal. The jackal bites you.
You block the jackal's attack. The jackal bites you. x2
* * * LOW HITPOINT WARNING * * *
The jackal bites you.
* * * LOW HITPOINT WARNING * * *
You are too injured to fight recklessly!
You are too injured to fight recklessly!
The jackal bites you.
* * * LOW HITPOINT WARNING * * *
Your tentacle spike disappears.
The jackal barely misses you.
There is an open door here.
The jackal closely misses you.
There is a stone staircase leading up here.
The jackal barely misses you. You block the jackal's attack.
You climb upwards.
There is a stone staircase leading down here.
The jackal closely misses you. The jackal bites you.
* * * LOW HITPOINT WARNING * * *
The jackal bites you.
* * * LOW HITPOINT WARNING * * *
The jackal bites you.
You die...

....).รท...#....#
######
#.###.#.#.####.##
#.# #.#.#...##..#
#.#
#.#...#.###.##
#.#
#.###...###..#
..#
#.........#).#
###
#########.##h## #
#...##.h# #
#.####@.## #
#.####...## #
#.#.......# #
#.#.###...# #
#...# #...# #
##### ##..# #
#[># ####


You could see 2 jackals.

Vanquished Creatures
  Natasha (twice) (D:2)
  2 dart slugs (D:3)
  A worm (D:2)
  A ball python (D:2)
  6 endoplasms
  A giant cockroach (D:1)
  3 goblins (D:2)
  3 hobgoblins (D:2)
  A jackal (D:3)
  2 bats
  3 frilled lizards
  4 kobolds
  6 rats
35 creatures vanquished.

Notes
Turn   | Place    | Note
-------+----------+-------------------------------------------
     0 | D:1      | PentaManta the Octopode Transmuter began the quest for the
                  | Orb.
     0 | D:1      | Reached XP level 1. HP: 13/13 MP: 3/3
   385 | D:1      | Reached XP level 2. HP: 18/18 MP: 5/5
   541 | D:1      | Found a faded altar of an unknown god.
  1397 | D:2      | Reached skill level 4 in Unarmed Combat
  1632 | D:2      | Noticed Natasha
  1643 | D:2      | Killed Natasha
  1644 | D:2      | Reached XP level 3. HP: 12/23 MP: 6/6
  1763 | D:2      | Noticed Natasha
  1772 | D:2      | Killed Natasha
  1773 | D:2      | Reached skill level 5 in Unarmed Combat
  1773 | D:2      | Reached XP level 4. HP: 13/28 MP: 7/7
  2043 | D:2      | Learned a level 3 spell: Spider Form
  2046 | D:2      | Learned a level 2 spell: Wereblood
  2131 | D:2      | Slain by a jackal

Illustrated notes

Levels and vault maps discovered:
D:1:      wander_arrival_desolate, layout_basic, ebering_ecumenical_altar_webs,
          chequers_serial_rivers_micro_b
D:2:      layout_basic, minmay_misc_feat_x, uniq_natasha
D:3:      layout_loops_corners, serial_forest, infiniplex_forest_lined_2,
          infiniplex_forest_straight_2, infiniplex_forest_end_3,
          infiniplex_forest_fountain, infiniplex_forest_3_way,
          infiniplex_forest_lined_ring

Skill      XL: |  1  2  3 |
---------------+----------+-----
Unarmed Combat | 4 5 |  5.1
Fighting       | |  1.0
Dodging        | |  2.0
Shields        | |  0.2
Spellcasting   | |  2.0
Transmutations | |  2.0
Poison Magic   | |  0.2

Action                   |  1- 3 |  4- 6 || total
-------------------------+-------+-------++-------
Melee: Unarmed           |    63 |    13 ||    76
       Tentacles         |    17 |       ||    17
       Constrict         |    14 |     3 ||    17
       Kick              |     8 |     1 ||     9
       Punch             |     1 |       ||     1
 Cast: Beastly Appendage |     4 |     7 ||    11
 Stab: Sleeping          |     5 |     1 ||     6
Armor: Skin              |     6 |     1 ||     7
Dodge: Dodged            |    27 |    14 ||    41
Block: Buckler           |     1 |     4 ||     5

Table legend: (Time is in decaauts)
 A = Elapsed time spent in this place.
 B = Non-inter-level travel time spent in this place.
 C = Inter-level travel time spent in this place.
 D = Time resting spent in this place.
 E = Time spent auto-exploring this place.
 F = Levels seen in this place.
 G = Mean time per level.
                   A        B        C        D        E       F      G
               +--------+--------+--------+--------+--------+-----+--------+
         Total |   2132 |   2093 |     39 |    362 |   1430 |   3 |  710.7 |
       Dungeon |   2132 |   2093 |     39 |    362 |   1430 |   3 |  710.7 |
               +--------+--------+--------+--------+--------+-----+--------+

Top non-repeatable levels by time:
     D:2: 1416 daAuts
     D:1: 677 daAuts
     D:3: 38 daAuts
